 Dungeon Crawl Stone Soup version 0.29-a0-757-g358383bc75 (webtiles) character file.

Game seed: 12335439948176872037

22 buhh the Insei (level 2, 0/19 HPs)
             Began as an Octopode Transmuter on July 1, 2022.
             Slain by a worm (11 damage)
             ... on level 2 of the Dungeon.
             The game lasted 00:00:53 (897 turns).

buhh the Insei (Octopode Transmuter)                 Turns: 897, Time: 00:00:54

Health: 0/19       AC:  1    Str:  9    XL:     2   Next: 91%
Magic:  4/5        EV: 13    Int: 15    God:
Gold:   54         SH:  0    Dex: 12    Spells: 4/5 levels left

rFire   . . .      SeeInvis .     - Unarmed
rCold   . . .      Faith    .   (no shield)
rNeg    . . .      Spirit   .   (helmet currently unavailable)
rPois   .          Reflect  .   (no amulet)
rElec   .          Harm     .   (no ring)
rCorr   .          Rampage  .   (no ring)
Will    .....                   (no ring)
Stlth   +++.......              (no ring)
HPRegen 0.06/turn               (no ring)
MPRegen 0.09/turn               (no ring)
                                (no ring)
                                (no ring)

@: appendages (expiring)
A: tentacle spike 3, almost no armour, amphibious, 8 rings, camouflage 1,
gelatinous body 1, (nimble swimmer 1), tentacles
a: End Transformation


You were on level 2 of the Dungeon.
One of your tentacles had grown a beastly spike.
You visited 1 branch of the dungeon, and saw 2 of its levels.

You collected 54 gold pieces.

Inventory:

Scrolls
 a - a scroll of blinking {unknown}
 c - a scroll of summoning {unknown}
Potions
 b - a potion of experience {unknown}
 d - a potion of degeneration {unknown}
 e - a potion of curing {unknown}
 f - a potion of attraction {unknown}
 l - a potion of lignification {!d}


   Skills:
 + Level 2.2 Fighting
 - Level 2.0 Dodging
 - Level 2.0 Stealth
 - Level 3.0 Unarmed Combat
 - Level 2.0 Spellcasting
 - Level 2.0 Transmutations


You had 4 spell levels left.
You knew the following spells:

 Your Spells              Type           Power      Damage    Failure   Level
a - Beastly Appendage     Tmut           14%        N/A       10%         1

Your spell library contained the following spells:

 Spells                   Type           Power      Damage    Failure   Level
 Wereblood                Tmut           7%         N/A       14%         2
 Static Discharge         Conj/Air       1%         N/A       32%         2
 Spider Form              Tmut/Pois      4%         N/A       41%         3
 Ice Form                 Ice/Tmut       4%         N/A       82%         4
 Dispel Undead            Necr           1%         3d6       91%         4
 Sticky Flame             Conj/Fire      1%         2d3       91%         4


Dungeon Overview and Level Annotations

Branches:
Dungeon (2/15) Zot: 11103

Altars:


Innate Abilities, Weirdness & Mutations

One of your tentacles has grown a beastly spike.
You cannot wear most types of armour.
You are amphibious.
You can wear up to eight rings at the same time.
Your skin changes colour to match your surroundings (Stealth+).
Your rubbery body absorbs attacks. (AC +1, EV +1)
((You are camouflaged when in or above water. (Stealth+)))
You have tentacles for arms and can constrict up to eight enemies at once.


Message History

The endoplasm completely misses you.
You tentacle-slap the endoplasm.
The endoplasm is heavily wounded.
The endoplasm hits you.
You tentacle-slap the endoplasm.
You kill the endoplasm!
No target in view!
Your transformation is almost over.
Your tentacle spike disappears.
You see here a +0 leather armour.
f - a yellow potion You see here a +0 dagger.
There is a stone staircase leading down here.
Done exploring.
Done exploring.
(D) Dungeon
Where to? (? - help)
There is a stone staircase leading down here.
You climb downwards.
There is a stone staircase leading up here.
There are monsters nearby!
There are monsters nearby!
One of your tentacles grows a vicious spike.
The helpless rat fails to defend itself.
You tentacle-slap the rat but do no damage.
Your grab misses the rat.
You pierce the rat.
You kill the rat!
Your transformation is almost over.
You completely miss the worm. You grab the worm. You squeeze the worm.
The worm is moderately wounded.
You constrict the worm. The worm bites you!
You barely miss the worm. You squeeze the worm.
The worm is moderately wounded.
You constrict the worm. You tentacle-slap the worm.
You pierce the worm, but do no damage.
You squeeze the worm.
The worm is almost dead.
You constrict the worm. The worm bites you!
Ouch! That really hurt!
You die...

#### #####..
...##....
###.w..#####
###...@......#
.$............#
...#...(..<...##.#
.................#
..............####
..............#
..............#
..............#
...#####.#.###


You could see a worm.

Vanquished Creatures
  6 bats (D:1)
  An endoplasm (D:1)
  2 giant cockroaches (D:1)
  2 goblins (D:1)
  2 hobgoblins (D:1)
  A quokka (D:1)
  A frilled lizard (D:1)
  3 kobolds (D:1)
  A rat (D:2)
19 creatures vanquished.

Notes
Turn   | Place    | Note
-------+----------+-------------------------------------------
     0 | D:1      | buhh the Octopode Transmuter began the quest for the Orb.
     0 | D:1      | Reached XP level 1. HP: 13/13 MP: 3/3
   158 | D:1      | Reached XP level 2. HP: 18/18 MP: 3/5
   595 | D:1      | Found a faded altar of an unknown god.
   897 | D:2      | Slain by a worm

Illustrated notes

Levels and vault maps discovered:
D:1:      scummos_arrival_simple_fountains, layout_loops_ring,
          shapermc_ecumenical_altar_mp_highgroup
D:2:      layout_rooms, basic_altar, nicolae_underground_beach

Skill      XL: |  1  2 |
---------------+-------+-----
Stealth        | 1 2 |  2.0
Fighting       | 2 |  2.2
Dodging        | |  2.0
Unarmed Combat | |  3.0
Spellcasting   | |  2.0
Transmutations | |  2.0

Action                   || total
-------------------------++-------
Melee: Unarmed           ||    34
       Constrict         ||    13
       Kick              ||    11
       Tentacles         ||     9
       Punch             ||     1
 Cast: Beastly Appendage ||    13
 Stab: Sleeping          ||     5
Armor: Skin              ||     6
Dodge: Dodged            ||    16

Table legend: (Time is in decaauts)
 A = Elapsed time spent in this place.
 B = Non-inter-level travel time spent in this place.
 C = Inter-level travel time spent in this place.
 D = Time resting spent in this place.
 E = Time spent auto-exploring this place.
 F = Levels seen in this place.
 G = Mean time per level.
                   A        B        C        D        E       F      G
               +--------+--------+--------+--------+--------+-----+--------+
         Total |    895 |    885 |     10 |      0 |    761 |   2 |  447.5 |
       Dungeon |    895 |    885 |     10 |      0 |    761 |   2 |  447.5 |
               +--------+--------+--------+--------+--------+-----+--------+

Top non-repeatable levels by time:
     D:1: 886 daAuts
     D:2: 8 daAuts
